 Dungeon Sprint DCSS version 0.29-a0-275-g389c0b56f3 (webtiles) character file.

Game seed: 16724153731155875493

1100000 Anunax the Scratcher (level 1, -9/10 HPs)
             Began as a Felid Cinder Acolyte on Mar 10, 2022.
             Was a High Priest of Ignis.
             Mangled by a bag of meat
             ... wielding a +9 war axe
              (19 damage)
             ... in the Dungeon (Sprint VIII: "Arena of Blood").
             The game lasted 00:01:05 (11 turns).

Anunax the Scratcher (Felid Cinder Acolyte)           Turns: 11, Time: 00:01:05

Health: -9/10      AC:  1    Str: 10    XL:     1   Next: 0%
Magic:  3/3        EV: 15    Int: 15    God:    Ignis [*****.]
Gold:   0          SH:  0    Dex: 11    Spells: 2/2 levels left
                                        Lives:  0   Deaths: 0

rFire   + . .      SeeInvis +     - Unarmed
rCold   . . .      Faith    .   (shield unavailable)
rNeg    . . .      Spirit   .   (body armour unavailable)
rPois   .          Reflect  .   (helmet unavailable)
rElec   .          Harm     .   (cloak unavailable)
rCorr   .          Rampage  .   (gloves unavailable)
Will    .....      NoTele   +   (boots unavailable)
Stlth   +.........              (no amulet)
HPRegen 0.03/turn               (no ring)
MPRegen 0.08/turn               (no ring)

@: quick
A: very small, claws 1, fangs 3, see invisible, speed 1, shaggy fur 1, stealthy
paws, no weapons or thrown items, no armour, multi-lived
a: Renounce Religion, Fiery Armour, Foxfire Swarm, Rising Flame


You were in the Dungeon.
You worshipped Ignis.
Ignis was extremely pleased with you.
You visited 1 branch

Inventory:

Jewellery
 g - a +27000 ring of slaying
Scrolls
 f - a scroll of blinking
Potions
 a - a potion of curing
 b - a potion of heal wounds
 c - a potion of haste
 d - 2 potions of magic
 e - a potion of berserk rage


   Skills:
 + Level 3.0 Fighting
 + Level 3.0 Unarmed Combat
 + Level 1.0 Spellcasting
 + Level 2.6 Fire Magic


You had 2 spell levels left.
You didn't know any spells.
Your spell library contained the following spells:

 Spells                   Type           Power      Damage    Failure   Level
 Scorch                   Fire           16%        2d6       12%         2


Dungeon Overview and Level Annotations

Branches:
Dungeon (1/1)

Altars:
Makhleb


Innate Abilities, Weirdness & Mutations

You have sharp claws.
You have razor-sharp teeth.
You have supernaturally acute eyesight. (SInv)
You cover ground quickly. (Speed+)
You are covered in fur. (AC +1)
Your paws help you pounce on unaware monsters.
You are incapable of wielding weapons or throwing items.
You cannot wear armour.
You gain extra lives every three experience levels.


Message History

The foxfire hits the meat berserker.
The meat berserker is lightly wounded.
The foxfire hits the bag of meat.
The bag of meat is lightly wounded.
The foxfire hits the meat berserker.
The meat berserker is lightly wounded.
You hear a shout! x3
A meat berserker comes into view. It is wielding a +9 battleaxe.
The foxfire hits the bag of meat.
The bag of meat is lightly wounded.
The foxfire hits the meat berserker.
The meat berserker is lightly wounded.
The foxfire hits the bag of meat.
The bag of meat is lightly wounded.
You hear a shout! x3
The foxfire hits the bag of meat.
The bag of meat is lightly wounded.
You hear a shout!
Unknown command.
The foxfire hits the bag of meat.
The bag of meat is lightly wounded.
The foxfire hits the bag of meat.
The bag of meat is lightly wounded.
The foxfire hits the bag of meat.
The bag of meat is lightly wounded.
The foxfire hits the bag of meat.
The bag of meat is lightly wounded.
You hear a shout! x6
A meat berserker comes into view. It is wielding a +9 battleaxe.
There is a staircase leading out of the dungeon here.
You hear a shout! 3 bags of meat and a meat berserker come into view.
The bag of meat appears out of thin air!
A bag of meat comes into view. It is wielding a +9 war axe.
The bag of meat shouts! x4; The meat berserker shouts!
You hear a shout!
A meat berserker comes into view. It is wielding a +9 battleaxe.
You hear a shout! x3
The bag of meat hits you with a +9 war axe!!
Ouch! That really hurt!
You die...

#.. ..# #... ..# .
. .###... ..###o.
.O......###.o..O..
#........_.oo.....
.... #O.o..# .....
#_.<._#
......#o....#..
#......@O_.......
........###......
...###... ..###.
.. #.... ..#
#.......#
...o.....
..o...oO...
........o.


You could see 4 meat berserkers and 9 bags of meat.

Vanquished Creatures (others)
  27 foxfires (D)
27 creatures vanquished.

Notes
Turn   | Place    | Note
-------+----------+-------------------------------------------
     0 | D        | Anunax the Felid Cinder Acolyte began the quest for the
                  | Orb.
     0 | D        | Reached XP level 1. HP: 10/10 MP: 3/3
     2 | D        | Noticed a bag of meat
     2 | D        | Noticed a bag of meat
     3 | D        | Noticed a bag of meat
     5 | D        | Noticed a bag of meat
     5 | D        | Noticed a bag of meat
     6 | D        | Noticed a bag of meat
     8 | D        | Noticed a meat berserker
     8 | D        | Noticed a meat berserker
     9 | D        | Noticed a meat berserker
    11 | D        | Noticed a bag of meat
    11 | D        | Noticed a bag of meat
    11 | D        | Noticed a bag of meat
    11 | D        | Noticed a meat berserker
    11 | D        | Noticed a bag of meat
    11 | D        | Noticed a meat berserker
    11 | D        | Mangled by a bag of meat

Illustrated notes

Levels and vault maps discovered:
D:        meatsprint

Action                   || total
-------------------------++-------
Invok: Foxfire Swarm     ||     2

Table legend: (Time is in decaauts)
 A = Elapsed time spent in this place.
 B = Non-inter-level travel time spent in this place.
 C = Inter-level travel time spent in this place.
 D = Time resting spent in this place.
 E = Time spent auto-exploring this place.
 F = Levels seen in this place.
 G = Mean time per level.
                   A        B        C        D        E       F      G
               +--------+--------+--------+--------+--------+-----+--------+
         Total |     10 |     10 |      0 |      0 |      0 |   1 |   10.0 |
       Dungeon |     10 |     10 |      0 |      0 |      0 |   1 |   10.0 |
               +--------+--------+--------+--------+--------+-----+--------+

Top non-repeatable levels by time:
       D: 10 daAuts
